 Dungeon Crawl Stone Soup version 0.23.2-33-g5129a83184 (webtiles) character file.

Game seed: 13429925763643735761

743639 DildoBatman the Metallomancer (level 27, -9/202 HPs)
             Began as a Formicid Wizard on Aug 8, 2019.
             Was an Initiate of Gozag.
             Splashed by Goyt the pandemonium lord's acid (10 damage)
             ... on level 22 of a ziggurat on Aug 9, 2019.
             The game lasted 06:11:05 (63645 turns).

DildoBatman the Metallomancer (Formicid Wizard)    Turns: 63645, Time: 06:11:05

Health: -9/202     AC: 30    Str: 15    XL:     27
Magic:  13/40      EV: 16    Int: 36    God:    Gozag
Gold:   4662       SH: 26    Dex: 13    Spells: 4/52 levels left

rFire    + + .     SeeInvis +   a - +18 lance "Wyrmbane" {slay drac, rPois rF+ rC+ AC+3}
rCold    + + +     Gourm    .   S - +8 large shield {reflect}
rNeg     . . .     Faith    .   o - +4 troll leather armour
rPois    +         Spirit   .   (helmet unavailable)
rElec    +         Reflect  +   V - +2 cloak {MR+}
rCorr    .         Harm     .   g - +0 pair of gloves of the Teacher {rElec rF+ Dex+4}
MR       +++++                  r - +2 pair of boots of the Loofah {MR+ Stlth+}
Stlth    ++++......             m - amulet of Onegur {RegenMP Str+3}
HPRegen  0.83/turn              t - ring "Yca Cutz" {rC+ AC+3}
MPRegen  0.52/turn              j - +6 ring of protection

@: brilliant, corroded, gold aura, very slightly contaminated, lightly drained
A: permanent stasis, dig shafts and tunnels, four strong arms, antennae 3,
molten scales 1, rugged brown scales 1, cold resistance 1, magic resistance 1,
shaggy fur 1, evolution 1
}: 4/15 runes: serpentine, barnacled, silver, golden
a: Dig, Shaft Self, Potion Petition, Call Merchant, Bribe Branch, Renounce
Religion


You were on level 22 of a ziggurat.
You worshipped Gozag.
Gozag was most pleased with you.
You were not hungry.

You visited 10 branches of the dungeon, and saw 46 of its levels.
You visited 1 bazaar.
You visited 1 ziggurat, and saw 22 of its levels.
You also visited: Trove.

You collected 30514 gold pieces.
You spent 8753 gold pieces at shops.
You paid 17099 gold pieces to Gozag.

Inventory:

Hand Weapons
 a - the +18 lance "Wyrmbane" (weapon) {slay drac, rPois rF+ rC+ AC+3}
   (You bought it in a shop in a bazaar)

   It affects your AC (+3).
   It protects you from fire.
   It protects you from cold.
   It protects you from poison.
 c - the +3 short sword of Ulow Uga {elec, Str+3 Int+6}
   (You found it on level 3 of the Elven Halls)

   Occasionally, upon striking a foe, it will discharge some electrical energy
   and cause terrible harm.
   It affects your strength (+3).
   It affects your intelligence (+6).
Missiles
 h - 16 throwing nets (quivered)
 i - 68 javelins of penetration
Armour
 g - the +0 pair of gloves of the Teacher (worn) {rElec rF+ Dex+4}
   (You acquired it on level 1 of the Tomb of the Ancients)

   It affects your dexterity (+4).
   It protects you from fire.
   It insulates you from electricity.
 o - a +4 troll leather armour (worn)
 p - the +8 chain mail of the Moon {MR+ Regen+ Str+2}
   (You found it on level 7 of a ziggurat)

   It affects your strength (+2).
   It affects your resistance to hostile enchantments.
   It increases your rate of regeneration.
 q - the +0 mask of the Dragon {MR+ Slay+3 SInv}
   (You found it on level 20 of a ziggurat)

   It affects your accuracy and damage with ranged weapons and melee attacks
   (+3).
   It affects your resistance to hostile enchantments.
   It lets you see invisible.
 r - the +2 pair of boots of the Loofah (worn) {MR+ Stlth+}
   (You found it on level 18 of a ziggurat)

   It affects your resistance to hostile enchantments.
   It makes you more stealthy.
 w - the +7 Kryia's mail coat {PotionHeal*2 rC+}
   (You found it on level 18 of a ziggurat)

   It protects you from cold.
 S - a +8 large shield of reflection (worn)
 V - a +2 cloak of magic resistance (worn)
Magical Staves
 b - an uncursed staff of energy
Jewellery
 j - a +6 ring of protection (right hand)
 m - the amulet of Onegur (around neck) {RegenMP Str+3}
   (You found it on level 10 of a ziggurat)

   [amulet of magic regeneration]

   It increases your magic regeneration.
   It affects your strength (+3).
 t - the ring "Yca Cutz" (left hand) {rC+ AC+3}
   (You found it on level 3 of the Tomb of the Ancients)

   [ring of protection]

   It affects your AC (+3).
   It protects you from cold.
 Q - the ring of Bodily Harmony {*Tele +Blink rPois rC+ MR+ MP+9}
   (You found it on level 19 of a ziggurat)

   [ring of teleportation]

   It may teleport you next to monsters.
   It protects you from cold.
   It protects you from poison.
   It affects your resistance to hostile enchantments.
   It affects your magic capacity (+9).
   It lets you blink.
Wands
 A - a wand of acid (12)
 N - a wand of iceblast (42)
 T - a wand of disintegration (34)
Scrolls
 d - 3 scrolls of summoning
 e - 4 scrolls of enchant armour
 x - 19 scrolls of remove curse
 y - a scroll of torment
 z - 10 scrolls of identify
 C - 4 scrolls of magic mapping
 G - 7 scrolls of immolation
 X - 20 scrolls of fog
Potions
 f - 18 potions of curing
 n - 5 potions of cancellation
 s - 14 potions of mutation
 B - 9 potions of brilliance
 D - 8 potions of heal wounds
 H - 3 potions of experience
 J - a potion of resistance
Miscellaneous
 k - a lamp of fire
 l - a lamp of fire
 E - a fan of gales
 M - 9 boxes of beasts
 O - a lightning rod (4/4)
 P - a phial of floods
 W - 7 phantom mirrors
 Z - 7 sacks of spiders
Comestibles
 v - 38 rations


   Skills:
 - Level 12.0(11.7) Fighting
 - Level 12.0(11.7) Polearms
 - Level 13.9(13.6) Throwing
 - Level 12.0(11.7) Armour
 - Level 9.0(8.7) Dodging
 - Level 8.0(7.8) Stealth
 - Level 15.0(14.7) Shields
 - Level 13.2(12.9) Spellcasting
 - Level 8.7(8.4) Conjurations
 - Level 15.7(15.5) Hexes
 - Level 6.1(5.9) Charms
   Level 1.0(0.8) Summonings
 - Level 19.0(18.7) Necromancy
   Level 0.8(0.6) Translocations
 - Level 19.0(18.8) Transmutations
   Level 4.1(3.9) Fire Magic
 - Level 13.8(13.6) Ice Magic
 * Level 20.8(20.5) Air Magic
 - Level 25.0(24.7) Earth Magic
   Level 16.3(16.1) Poison Magic
 - Level 10.0(9.8) Evocations


You had 4 spell levels left.
You knew the following spells:

 Your Spells              Type           Power        Failure   Level  Hunger
a - Borgnjor's Vile Clut  Necr/Erth      ########..   0%          5    None
b - Shatter               Erth           ########..   1%          9    #######
c - Tornado               Air            ########..   5%          9    #######
d - Necromutation         Tmut/Necr      ########..   1%          8    ######.
f - Chain Lightning       Conj/Air       #######...   4%          8    ######.
g - Darkness              Hex            ########..   1%          6    ###....
i - Ozocubu's Armour      Chrm/Ice       #######.     1%          3    None

Your spell library contained the following spells:

 Spells                   Type           Power        Failure   Level  Hunger
 Animate Skeleton         Necr           N/A          0%          1    None
 Beastly Appendage        Tmut           ######       0%          1    None
 Confusing Touch          Hex            ######       0%          1    None
 Corona                   Hex            #######      0%          1    None
 Freeze                   Ice            ####         0%          1    None
 Pain                     Necr           ####         0%          1    None
 Shock                    Conj/Air       ####         0%          1    None
 Sting                    Conj/Pois      ####         0%          1    None
 Corpse Rot               Necr           N/A          0%          2    None
 Ensorcelled Hibernation  Hex/Ice        ######       0%          2    None
 Passwall                 Tmut/Erth      ########     0%          2    None
 Poisonous Vapours        Pois/Air       ######       0%          2    None
 Slow                     Hex            ########     0%          2    None
 Sticks to Snakes         Tmut           ########     0%          2    None
 Sublimation of Blood     Necr           ########..   0%          2    None
 Swiftness                Chrm/Air       #######.     0%          2    None
 Confuse                  Hex            ########     0%          3    None
 Mephitic Cloud           Conj/Pois/Air  ########     0%          3    None
 Spider Form              Tmut/Pois      ########..   0%          3    None
 Static Discharge         Conj/Air       #######.     0%          3    None
 Tukima's Dance           Hex            ########     0%          3    None
 Vampiric Draining        Necr           ########..   0%          3    None
 Airstrike                Air            ########..   0%          4    None
 Animate Dead             Necr           N/A          0%          4    None
 Leda's Liquefaction      Hex/Erth       ########..   0%          4    None
 Petrify                  Tmut/Erth      ########     0%          4    None
 Apportation              Tloc           #####.       1%          1    None
 Flame Tongue             Conj/Fire      #####        1%          1    None
 Infusion                 Chrm           ####         1%          1    None
 Magic Dart               Conj           ####         1%          1    None
 Summon Butterflies       Summ           ######..     1%          1    None
 Summon Small Mammal      Summ           ####         1%          1    None
 Call Imp                 Summ           ######..     1%          2    None
 Shroud of Golubria       Chrm/Tloc      ######....   1%          2    None
 Song of Slaying          Chrm           ######..     1%          2    None
 Throw Frost              Conj/Ice       ######       1%          2    None
 Call Canine Familiar     Summ           ######..     1%          3    None
 Conjure Flame            Conj/Fire      ######..     1%          3    None
 Dazzling Spray           Conj/Hex       ######       1%          3    None
 Gell's Gravitas          Tloc           #####.....   1%          3    None
 Ignite Poison            Fire/Tmut/Pois #######.     1%          3    None
 Inner Flame              Hex/Fire       #######.     1%          3    None
 Lesser Beckoning         Tloc           #####.....   1%          3    None
 Portal Projectile        Hex/Tloc       ######       1%          3    None
 Recall                   Summ/Tloc      N/A          1%          3    None
 Regeneration             Chrm/Necr      #######...   1%          3    None
 Spectral Weapon          Hex/Chrm       #######.     1%          3    None
 Summon Guardian Golem    Hex/Summ       #######.     1%          3    None
 Teleport Other           Tloc           #####...     1%          3    None
 Cause Fear               Hex            ########..   1%          4    None
 Force Lance              Conj/Tloc      ######..     1%          4    None
 Ice Form                 Ice/Tmut       ########     1%          4    None
 Iskenderun's Mystic Bla  Conj           #######.     1%          4    None
 Olgreb's Toxic Radiance  Pois           ########     1%          4    None
 Passage of Golubria      Tloc           N/A          1%          4    None
 Summon Ice Beast         Ice/Summ       #######.     1%          4    None
 Summon Lightning Spire   Summ/Air       #######.     1%          4    None
 Throw Icicle             Conj/Ice       #######.     1%          4    None
 Lee's Rapid Deconstruct  Erth           ########..   0%          5    None
 Alistair's Intoxication  Tmut/Pois      ########     1%          5    None
 Blade Hands              Tmut           ########..   1%          5    None
 Bolt of Draining         Conj/Necr      #######...   1%          5    None
 Bolt of Magma            Conj/Fire/Erth #######...   1%          5    None
 Dispel Undead            Necr           ########     1%          5    None
 Excruciating Wounds      Chrm/Necr      #######...   1%          5    None
 Fireball                 Conj/Fire      ######....   1%          5    None
 Irradiate                Conj/Tmut      #######...   1%          5    None
 Iskenderun's Battlesphe  Conj/Chrm      #######.     1%          5    None
 Lightning Bolt           Conj/Air       #######...   1%          5    None
 Metabolic Englaciation   Hex/Ice        #######...   1%          5    None
 Silence                  Hex/Air        ########..   1%          5    None
 Summon Mana Viper        Hex/Summ       #######.     1%          5    None
 Venom Bolt               Conj/Pois      #######...   1%          5    None
 Yara's Violent Unravell  Hex/Tmut       ########..   1%          5    None
 Bolt of Cold             Conj/Ice       #######...   1%          6    ###....
 Conjure Ball Lightning   Conj/Air       #######...   1%          6    ###....
 Death Channel            Necr           ########..   1%          6    ###....
 Deflect Missiles         Chrm/Air       #######...   1%          6    ###....
 Freezing Cloud           Conj/Ice/Air   #######...   1%          6    ###....
 Iron Shot                Conj/Erth      ########..   1%          6    ###....
 Ozocubu's Refrigeration  Ice            #######...   1%          6    ###....
 Poison Arrow             Conj/Pois      #######...   1%          6    ###....
 Simulacrum               Ice/Necr       ########..   1%          6    ###....
 Statue Form              Tmut/Erth      ########.    1%          6    ###....
 Dragon Form              Tmut           ########..   1%          7    #####..
 Borgnjor's Revivificati  Necr           ########..   1%          8    ######.
 Infestation              Necr           ########..   1%          8    ######.
 Lehudib's Crystal Spear  Conj/Erth      ########..   1%          8    ######.
 Bolt of Fire             Conj/Fire      ######....   3%          6    ###....
 Discord                  Hex            ########..   3%          8    ######.
 Aura of Abjuration       Summ           ######....   4%          5    None
 Summon Demon             Summ           ######....   4%          5    None
 Summon Forest            Summ/Tloc      ######....   4%          5    None
 Haunt                    Necr/Summ      #######...   4%          7    #####..
 Orb of Destruction       Conj           #######...   7%          7    #####..
 Death's Door             Chrm/Necr      #######...   10%         8    ######.
 Shadow Creatures         Summ           N/A          22%         6    ###....
 Dispersal                Tloc           #####.....   24%         6    ###....
 Ring of Flames           Chrm/Fire      ######....   24%         7    #####..
 Spellforged Servitor     Conj/Summ      ######....   26%         7    #####..
 Monstrous Menagerie      Summ           ######....   69%         7    #####..
 Summon Greater Demon     Summ           ######....   69%         7    #####..
 Summon Hydra             Summ           ######....   69%         7    #####..
 Malign Gateway           Summ/Tloc      ######....   71%         7    #####..
 Glaciate                 Conj/Ice       #######...   86%         9    #######
 Ignition                 Fire           ######....   89%         8    ######.
 Disjunction              Tloc           #####.....   99%         8    ######.
 Summon Horrible Things   Summ           ######....   99%         8    ######.
 Dragon's Call            Summ           ######....   100%        9    #######
 Fire Storm               Conj/Fire      ######....   100%        9    #######
 Blink                    Tloc           Unusable     N/A         2    N/A
 Controlled Blink         Tloc           Unusable     N/A         8    N/A

Dungeon Overview and Level Annotations

Branches:
Dungeon (15/15)            Temple (1/1) D:5            Lair (6/6) D:10
 Shoals (4/4) Lair:2        Snake (4/4) Lair:2        Slime (0/5) Lair:6
    Orc (2/2) D:10            Elf (3/3) Orc:2        Vaults (5/5) D:13
  Crypt (3/3) Vaults:3       Tomb (3/3) Crypt:3      Depths (0/5) D:15

Altars:
Ashenzari
Cheibriados
Dithmenos
Elyvilon
Fedhas
Gozag
Hepliaklqana
Kikubaaqudgha
Makhleb
Nemelex Xobeh
Okawaru
Qazlal
Ru
Sif Muna
Trog
Uskayaw
Vehumet
Wu Jian
Xom
Yredelemnul
Zin
The Shining One

Shops:
D:6 (   Orc:1 *   Orc:2 %!}*([}?}   Elf:1 !=}}   Elf:2 }   Shoals:1 %
Shoals:2 %   Vaults:1 *   Vaults:4 (   Vaults:5 (

Annotations:
Vaults:1 exclusion: war gargoyle


Innate Abilities, Weirdness & Mutations

You cannot be hasted, slowed, berserked, paralysed or teleported.
You can dig through walls and to a lower floor.
Your four strong arms can wield two-handed weapons with a shield.
You have a pair of large antennae on your head. (SInv)
You are partially covered in molten scales. (AC +2)
You are partially covered in rugged brown scales. (AC +1, +3% HP)
Your flesh is cold resistant. (rC+)
You are resistant to hostile enchantments. (MR+)
You are covered in fur. (AC +1)
You evolve.


Message History

The shard shrike is no longer distracted by gold.
Dara hits you! You block Pak Piemumy's attack.
Dara sneers, "Give in, thou tasty repast!"
Dara barely misses you. Pak Piemumy hits you!!
You feel your power leaking away.
Okay, then.
You feel much better.
The zombie hands constrict Seramootie!
The zombie hands constrict Dara!
Wotorips is no longer distracted by gold.
You block the shard shrike's attack. Taujawi barely misses you.
Goyt gestures at you. The bolt of acid hits you!! The acid corrodes you!
You are splashed with acid!
You die...
Your body crumbles into a pile of gold.

▓▓▓▓▓▓▓▓▓▓▓▓▓▓▓
▓▓.............▓▓
▓▓..§............▓▓
▓..§§.............▓▓
...§≈≈≈.....≈≈≈....▓▓
p..§≈§&.....≈.≈.....▓▓
&..§§≈&....&≈&≈......▓▓
&.&.§§...&..&&2.......▓▓
p.....pp.$..$@&........▓▓
..§...p..$...b........∩.▓
p......&...............▓▓
&.....&...............▓▓
....≈≈≈.....≈≈≈......▓▓
&...≈.≈.....≈.≈.....▓▓
..§.≈§≈.....≈≈≈...)▓▓
▓§................▓▓
▓▓§§.............▓▓


You could see Dara, Feraug, Goyt, Koujius, Otry, Pak Piemumy, Seramootie,
Taujawi, Wotorips (invisible), Zitiurghe, 3 Killer Klowns, a shard shrike and a
cacodemon.

Vanquished Creatures
  18 pandemonium lords
  2 ancient liches
  Mennas (Tomb:1)
  6 juggernauts
  29 greater mummies
  6 Killer Klowns
  Saint Roka (Snake:2)
  4 bone dragons
  3 golden dragons
  2 Brimstone Fiends (Zig:20)
  Nikola (Snake:1)
  7 Tzitzimimeh
  4 iron giants
  2 doom hounds
  7 liches
  4 hellephants (Zig:14)
  2 Ice Fiends (Zig:16)
  Jorgrun (D:14)
  4 tentacled monstrosities
  3 deep elf blademasters
  9 Hell Sentinels
  9 titans
  A deep elf master archer (Elf:3)
  2 quicksilver dragons
  Frances (D:14)
  9 ancient champions
  7 sphinxes
  Gastronok (D:8)
  8 Executioners
  5 storm dragons
  2 krakens (Shoals:4)
  4 tengu reavers
  A storm dragon (shapeshifter) (Zig:21)
  3 azure jellies (shapeshifter)
  Kirke (Lair:4)
  8 shadow dragons
  9 fire giants
  11 deep elf sorcerers
  7 revenants
  Aizul (Snake:1)
  9 frost giants
  2 fire giants (shapeshifter) (Zig:21)
  16 nagarajas
  12 vault wardens
  A cacodemon (Zig:20)
  7 balrugs
  4 warmongers
  3 juggernaut zombies (Zig:17)
  5 deep elf elementalists
  An emperor scorpion (shapeshifter) (Vaults:5)
  A caustic shrike zombie (Zig:17)
  A curse skull (Zig:6)
  7 reapers
  9 stone giants
  6 blood saints
  2 entropy weavers (Vaults:3)
  8 very ugly things
  5 corrupters
  A juggernaut skeleton (Crypt:2)
  11 war gargoyles
  9 vampire knights
  19 ironheart preservers
  10 bennus
  8 black suns
  6 lorocyprocas
  4 deep elf demonologists
  7 deep elf annihilators
  8 dire elephants
  A white draconian (Zig:11)
  10 ettins
  8 merfolk javelineers
  6 green deaths
  9 deep elf death magi
  Snorg (D:14)
  7 blizzard demons
  Josephine (D:11)
  19 mummy priests
  The ghost of grerr the Carver, a journeyman DsAK of Lugonu (Orc:2)
  3 eidola
  7 crystal guardians
  2 quicksilver dragon zombies
  A spectral golden dragon (Crypt:2)
  6 yaktaur captains
  2 deep elf high priests
  A fire dragon (Vaults:2)
  12 merfolk impalers
  14 ogre magi
  Fannar (D:11)
  6 jiangshi
  Erolcha (D:9)
  4 great orbs of eyes
  2 rakshasas
  23 naga warriors
  18 hydras
  4 hell beasts
  4 merfolk avatars
  4 ice dragons
  29 vault guards
  18 anacondas
  37 two-headed ogres
  2 satyrs (Zig:19)
  3 death knights (Crypt:1)
  An alligator snapping turtle (Shoals:1)
  10 merfolk aquamancers
  2 alligators (shapeshifter)
  7 centaur warriors
  A deep troll shaman (Vaults:2)
  78 death scarabs
  2 deep troll earth magi
  A catoblepas (Zig:14)
  2 alligators (Zig:13)
  3 death yaks
  5 vampire magi
  Urug (Orc:1)
  4 orc high priests
  8 shock serpents
  A hell hog (Zig:9)
  Nergalle (Lair:1)
  11 naga sharpshooters
  3 titan zombies
  A spriggan (Zig:13)
  An iron golem (Zig:17)
  15 deep elf knights
  A soul eater (Crypt:2)
  7 hell knights
  3 storm dragon zombies
  Sonja (D:10)
  A sun demon (Zig:18)
  3 sixfirhies
  2 anaconda zombies
  13 sea snakes
  2 golden dragon zombies
  3 salamander mystics
  30 skeletal warriors
  11 deep trolls
  A shadow wraith (Vaults:3)
  6 unseen horrors
  4 swamp dragons
  4 flayed ghosts
  An infernal demonspawn (Zig:18)
  8 shadow demons
  15 naga ritualists
  A spriggan druid (Zig:13)
  A ghost moth zombie (Crypt:3)
  A glowing orange brain (shapeshifter) (Elf:2)
  A death drake (Zig:13)
  4 glowing orange brains
  A sea snake (shapeshifter) (Zig:7)
  8 deep elf archers
  2 shadow dragon zombies
  9 phantasmal warriors
  5 orange crystal statues
  A golden dragon skeleton (Crypt:2)
  13 ironbrand convokers
  2 wizards (Vaults:2)
  A shadow dragon skeleton (Crypt:2)
  58 deep elf magi
  6 large abominations
  3 obsidian statues
  21 harpies
  20 mana vipers
  2 anaconda skeletons
  6 orc sorcerers
  2 iron dragon zombies
  6 wolf spiders
  16 orc knights
  9 necromancers
  2 wolf spider zombies
  17 manticores
  2 shining eyes (Trove)
  8 cyclopes
  A frost giant zombie (Zig:10)
  37 ugly things
  A moth of wrath (Zig:8)
  12 fauns
  A fire giant zombie (Crypt:3)
  A salamander (shapeshifter) (Zig:21)
  15 merfolk sirens
  7 salamanders
  A manticore (shapeshifter) (Zig:21)
  A shock serpent zombie (Tomb:3)
  14 water nymphs
  5 rust devils (Zig:17)
  A fire giant skeleton (Crypt:3)
  Maurice (D:10)
  4 elephants (Lair:6)
  46 black mambas
  An apocalypse crab (Zig:21)
  A storm dragon simulacrum (Crypt:2)
  A black mamba (shapeshifter) (Vaults:1)
  3 orange demons
  A water nymph (shapeshifter) (Vaults:5)
  10 guardian serpents
  13 naga magi
  4 smoke demons
  11 vault sentinels
  A spriggan zombie (Zig:17)
  4 stone giant skeletons
  A dire elephant zombie (Lair:2)
  3 frost giant skeletons
  13 spiny frogs
  A gargoyle (D:11)
  An elf skeleton (Zig:10)
  A catoblepas zombie (Crypt:2)
  A rime drake (shapeshifter) (Zig:21)
  A spiny frog (shapeshifter) (Zig:7)
  12 freezing wraiths
  A green draconian zombie (Crypt:2)
  4 efreet
  4 rime drakes
  A spriggan skeleton (Zig:10)
  3 torpor snails
  10 hellions
  21 yaktaurs
  A yaktaur (shapeshifter) (Zig:21)
  An ancient zyme (Zig:11)
  7 komodo dragons
  3 hellwings
  7 tormentors
  4 hydra zombies
  51 guardian mummies
  A silent spectre (Zig:10)
  A death yak skeleton (Lair:6)
  A black draconian skeleton (Crypt:2)
  An ice devil (Zig:17)
  2 red devils
  An iron troll skeleton (Crypt:1)
  4 hornets
  2 polar bears
  A meliai (shapeshifter) (Vaults:1)
  14 trolls
  A catoblepas skeleton (D:6)
  A harpy zombie (Crypt:2)
  49 merfolk
  3 tyrant leeches (Zig:13)
  9 wind drakes
  3 bog bodies
  An ice dragon zombie (Crypt:3)
  11 blink frogs
  18 dream sheep
  9 snapping turtles
  A dream sheep (shapeshifter) (Vaults:1)
  13 slime creatures
  16 hippogriffs
  5 hydra skeletons
  Sigmund (D:2)
  3 black mamba zombies
  A fire dragon skeleton (Tomb:2)
  8 starcursed masses (Zig:11)
  2 fire dragon zombies
  78 flying skulls
  10 shadows
  An air elemental (Elf:1)
  11 wraiths
  A ynoxinul (Zig:18)
  3 basilisks
  An ettin zombie (Crypt:2)
  4 redbacks (Vaults:3)
  An alligator skeleton (Crypt:2)
  7 ushabtiu
  An ettin skeleton (Crypt:1)
  3 wyverns
  3 elf zombies (Zig:17)
  6 hogs (Lair:4)
  2 fire elementals
  8 humans (D:13)
  36 yaks
  3 hungry ghosts
  A tarantella (shapeshifter) (Zig:21)
  The ghost of Curus the Cudgeler, an amateur HOMo (D:3)
  15 water elementals
  5 neqoxecs (Orc:2)
  4 chaos spawn
  The ghost of Electrofox the Changer, an amateur DrTm (D:3)
  A human simulacrum (Vaults:2)
  A small abomination (Zig:11)
  8 vampire mosquitoes
  59 nagas
  A yaktaur simulacrum (Vaults:3)
  A swamp worm (shapeshifter) (Zig:21)
  9 wargs
  A soldier ant (shapeshifter) (Vaults:1)
  Edmund (D:3)
  A deep troll zombie (Crypt:1)
  A hell hound (Zig:17)
  3 acid dragons
  18 water moccasins
  2 spiny frog zombies
  7 porcupines
  2 floating eyes (Zig:18)
  2 sky beasts
  3 snapping turtle zombies
  38 orc warriors
  3 ice beasts
  A phantom (D:9)
  5 necrophages
  A spiny frog skeleton (Lair:4)
  The ghost of PeSeC the Skirmisher, an amateur MiFi (D:3)
  5 black bears
  4 eyes of draining
  44 ogres
  4 boggarts (Vaults:3)
  4 wolves
  A dream sheep skeleton (Lair:5)
  12 centaurs
  A hog skeleton (Crypt:2)
  2 torpor snail zombies
  14 crocodiles
  2 fire crab zombies
  A big kobold (D:13)
  An earth elemental (Elf:1)
  15 bullfrogs
  A komodo dragon skeleton (D:6)
  2 hippogriff skeletons (Lair:4)
  2 wyvern skeletons
  A water moccasin zombie (Lair:3)
  5 scorpions
  2 raiju zombies (Crypt:1)
  A howler monkey (D:4)
  18 wights
  2 electric eels (Lair:5)
  8 crimson imps
  A black bear zombie (Crypt:1)
  9 hounds
  6 quasits
  3 bullfrog zombies
  4 bullfrog skeletons
  14 jellies
  3 centaur zombies
  5 human zombies
  13 orc priests
  7 centaur skeletons
  21 orc wizards
  3 iron imps (Zig:17)
  4 human skeletons (Crypt:1)
  A black bear skeleton (Lair:6)
  3 porcupine zombies
  An iguana (D:13)
  11 worker ants
  Terence (D:1)
  A demigod skeleton (Crypt:1)
  An ogre skeleton (Tomb:2)
  A big kobold skeleton (Crypt:2)
  A crocodile skeleton (Lair:6)
  A hound skeleton (D:6)
  50 mummies
  Robin (D:3)
  A worker ant zombie (D:6)
  4 gnolls
  A howler monkey skeleton (Crypt:2)
  26 adders
  A swamp drake zombie (Crypt:1)
  7 shadow imps
  2 white imps (Vaults:3)
  2 oozes (Lair:6)
  A lava snake zombie (Crypt:1)
  An adder skeleton (D:5)
  3 worms (D:2)
  A dart slug (D:2)
  7 leopard geckos
  72 orcs
  9 bats
  7 giant cockroaches
  11 goblins
  4 hobgoblins
  16 jackals
  7 quokkas
  A ball python (D:1)
  4 frilled lizards
  A goblin zombie (Crypt:2)
  10 kobolds
  3 rats
  11 fire vortices (Zig:16)
  5 fungi
  25 plants
  4 tentacles (Shoals:4)
2631 creatures vanquished.

Vanquished Creatures (others)
  A deep elf master archer (Elf:3)
  A fire giant (Vaults:5)
  A warmonger (Zig:20)
  2 stone giants
  A blood saint (Zig:18)
  31 dancing weapons
  3 naga sharpshooters (Snake:4)
  A naga ritualist (Snake:3)
  A deep elf mage (Elf:1)
  2 cyclopes (Shoals:4)
  2 manticores
  2 salamanders
  A naga mage (Snake:4)
  A smoke demon (Zig:11)
  A guardian serpent (Snake:4)
  8 yaktaurs
  A hellwing (Zig:16)
  A raiju (Zig:11)
  A shadow (D:13)
  A human (D:13)
  5 nagas
  A centaur (D:13)
  An orc wizard (Orc:2)
  A bush (Lair:6)
  27 fungi
  21 plants
  26 tentacles (Shoals:4)
145 creatures vanquished.

Grand Total: 2776 creatures vanquished

Notes
Turn   | Place    | Note
-------+----------+-------------------------------------------
     0 | D:1      | DildoBatman the Formicid Wizard began the quest for the
                  | Orb.
     0 | D:1      | Reached XP level 1. HP: 13/13 MP: 4/4
    19 | D:1      | Reached skill level 1 in Conjurations
   307 | D:1      | Reached XP level 2. HP: 15/19 MP: 0/6
   910 | D:2      | Reached XP level 3. HP: 24/24 MP: 0/7
   915 | D:2      | Learned a level 3 spell: Conjure Flame
   919 | D:2      | Learned a level 3 spell: Mephitic Cloud
   957 | D:2      | Noticed Terence
  1406 | D:2      | Reached XP level 4. HP: 20/30 MP: 0/8
  2182 | D:3      | Found a runed translucent gate.
  2182 | D:3      | Found a runed translucent gate.
  2189 | D:3      | Found a runed translucent gate.
  2191 | D:3      | Noticed PeSeC's ghost (amateur MiFi)
  2191 | D:3      | Noticed Curus's ghost (amateur HOMo)
  2191 | D:3      | Noticed Electrofox's ghost (amateur DrTm)
  2323 | D:3      | Noticed Sigmund
  2388 | D:3      | Reached XP level 5. HP: 27/35 MP: 6/9
  2728 | D:3      | Reached skill level 1 in Polearms
  3080 | D:4      | Reached XP level 6. HP: 41/41 MP: 5/10
  3143 | D:4      | Reached skill level 5 in Conjurations
  3204 | D:4      | Found a hide-covered altar of Uskayaw.
  3228 | D:4      | Noticed an ogre
  3255 | D:4      | Killed an ogre
  3255 | D:4      | Reached XP level 7. HP: 45/46 MP: 0/11
  3277 | D:4      | Found a stormy altar of Qazlal.
  3281 | D:4      | Found a blossoming altar of Fedhas.
  3349 | D:4      | Noticed Edmund
  3548 | D:4      | Found a deep blue altar of Sif Muna.
  3673 | D:5      | Entered Level 5 of the Dungeon
  3961 | D:5      | Reached skill level 1 in Poison Magic
  4210 | D:5      | Reached skill level 1 in Fire Magic
  4315 | D:5      | Reached skill level 1 in Air Magic
  4541 | D:5      | Found a staircase to the Ecumenical Temple.
  4552 | Temple   | Entered the Ecumenical Temple
  4681 | Temple   | Became a worshipper of Kikubaaqudgha
  4718 | D:5      | Reached XP level 8. HP: 52/52 MP: 6/12
  5390 | D:3      | Killed Edmund
  5390 | D:3      | Reached skill level 5 in Poison Magic
  5434 | D:3      | Reached * piety under Kikubaaqudgha
  5434 | D:3      | Identified Kikubaaqudgha's Grimoire of Black Magic
                  | (Kikubaaqudgha gifted it to you on level 3 of the Dungeon)
  5434 | D:3      | Received a gift from Kikubaaqudgha
  5443 | D:3      | Noticed Robin
  5449 | D:3      | Killed Robin
  5664 | D:2      | Killed Sigmund
  5664 | D:2      | Reached skill level 1 in Necromancy
  5664 | D:2      | Reached XP level 9. HP: 55/57 MP: 10/13
  5741 | D:1      | Killed Terence
  5831 | D:2      | Found a stormy altar of Qazlal.
  6147 | D:6      | Got a heavily runed bronze amulet
  6150 | D:6      | Identified the amulet of Midwinter {Reflect rPois rF+ SH+3}
                  | (You found it on level 6 of the Dungeon)
  6263 | D:6      | Found Ochit's Weapon Boutique.
  6315 | D:6      | Learned a level 3 spell: Regeneration
  6318 | D:6      | Learned a level 2 spell: Sublimation of Blood
  6767 | D:7      | Reached skill level 1 in Charms
  6877 | D:7      | Reached ** piety under Kikubaaqudgha
  7642 | D:8      | Noticed Gastronok
  8352 | D:8      | Reached XP level 10. HP: 56/63 MP: 16/16
  8524 | D:9      | Identified Atyoj's Guide on Summoning and Unholy Secrets
  8544 | D:9      | Learned a level 5 spell: Borgnjor's Vile Clutch
  8608 | D:9      | Reached skill level 1 in Earth Magic
  8687 | D:9      | Reached skill level 2 in Earth Magic
  8763 | D:9      | Noticed Erolcha
  9194 | D:9      | Reached skill level 5 in Necromancy
  9194 | D:9      | Reached skill level 3 in Earth Magic
  9302 | D:9      | Killed Erolcha
  9302 | D:9      | Reached skill level 5 in Earth Magic
  9481 | D:10     | Entered Level 10 of the Dungeon
  9524 | D:10     | Reached *** piety under Kikubaaqudgha
  9524 | D:10     | Identified Kikubaaqudgha's Disquisition on Unholy Arts
                  | (Kikubaaqudgha gifted it to you on level 10 of the Dungeon)
  9524 | D:10     | Received a gift from Kikubaaqudgha
  9600 | D:10     | Reached XP level 11. HP: 51/69 MP: 4/17
  9610 | D:10     | Reached skill level 1 in Fighting
  9610 | D:10     | Reached skill level 1 in Armour
  9610 | D:10     | Reached skill level 1 in Evocations
  9665 | D:10     | Found a staircase to the Lair.
  9886 | D:10     | Noticed Maurice
  9898 | D:10     | Killed Maurice
  9979 | D:10     | Noticed an unseen horror
  9990 | D:10     | Killed an unseen horror
  9990 | D:10     | Reached skill level 5 in Spellcasting
 10037 | D:10     | Reached skill level 5 in Stealth
 10165 | D:10     | Noticed Sonja
 10202 | D:10     | Killed Sonja
 10273 | D:10     | Found a staircase to the Orcish Mines.
 10553 | D:11     | Noticed Fannar
 10638 | D:11     | Got a slimy ring mail
 10656 | D:11     | Identified the +4 ring mail of Distant Worlds {rElec Dex+2}
                  | (You found it on level 11 of the Dungeon)
 10690 | D:11     | Killed Fannar
 10738 | D:11     | Reached **** piety under Kikubaaqudgha
 10840 | D:11     | Found a glowing golden altar of the Shining One.
 10855 | D:11     | Noticed a brown ugly thing
 10861 | D:11     | Killed a brown ugly thing
 11055 | D:11     | Noticed Josephine
 11080 | D:11     | Reached XP level 12. HP: 83/83 MP: 16/20
 11093 | D:11     | Killed Josephine
 11424 | D:10     | Learned a level 5 spell: Dispel Undead
 11425 | Orc:1    | Entered Level 1 of the Orcish Mines
 11535 | Orc:1    | Noticed Urug
 11575 | Orc:1    | Killed Urug
 11575 | Orc:1    | Reached skill level 5 in Fighting
 11575 | Orc:1    | Reached skill level 5 in Armour
 11575 | Orc:1    | Reached skill level 5 in Evocations
 11971 | Orc:1    | Found Wufucs's Assorted Antiques.
 11984 | Orc:1    | Bought a scroll labeled XETROG LUODIY for 27 gold pieces
 12459 | Orc:2    | Entered Level 2 of the Orcish Mines
 12459 | Orc:2    | Found Vorch's Assorted Antiques.
 12482 | Orc:1    | Reached skill level 6 in Earth Magic
 12507 | Orc:2    | Found Wodghog's Weapon Boutique.
 12507 | Orc:2    | Found a staircase to the Elven Halls.
 12644 | Orc:2    | Noticed grerr's ghost (journeyman DsAK)
 12645 | Orc:2    | Found a transporter.
 12740 | Orc:2    | Noticed an ettin
 12772 | Orc:2    | Killed an ettin
 12897 | Orc:2    | Found a transporter.
 13238 | Orc:2    | Found Dopsi's Distillery.
 13253 | Orc:2    | Found Zifuh's Gadget Shoppe.
 13263 | Orc:2    | Bought a viscous golden potion for 24 gold pieces
 13263 | Orc:2    | Bought a scroll labeled YBROOHI WIODI for 27 gold pieces
 13263 | Orc:2    | Bought a scroll of identify for 54 gold pieces
 13325 | Orc:2    | Reached skill level 7 in Earth Magic
 13334 | Orc:2    | Found Soeg's Food Shop.
 13540 | Orc:2    | Noticed an orc high priest
 13578 | Orc:2    | Noticed an orc high priest
 13593 | Orc:2    | Killed an orc high priest
 13593 | Orc:2    | Reached XP level 13. HP: 44/91 MP: 7/23
 13780 | Orc:2    | Found Soimastimoe's Gadget Shoppe.
 13780 | Orc:2    | Found Idoev's Antique Armour Shop.
 13783 | Orc:2    | Found Paun's Magic Scroll Shop.
 13783 | Orc:2    | Found Diukeny's Gadget Shoppe.
 13793 | Orc:2    | Bought a scroll of identify for 28 gold pieces
 13793 | Orc:2    | Bought a scroll of identify for 28 gold pieces
 13910 | Orc:2    | Gained mutation: Your spells are a little easier to cast,
                  | but a little less powerful. [a neqoxec]
 13917 | Orc:2    | Killed grerr's ghost
 13917 | Orc:2    | Reached ***** piety under Kikubaaqudgha
 14087 | D:8      | Killed Gastronok
 14087 | D:8      | Reached skill level 8 in Earth Magic
 14427 | D:12     | Noticed an eight-headed hydra
 14464 | D:12     | Killed an eight-headed hydra
 14555 | D:12     | Found a portal to a secret trove of treasure.
 14903 | D:12     | Reached skill level 5 in Dodging
 15028 | D:12     | Reached skill level 10 in Necromancy
 15488 | D:13     | Noticed a centaur warrior
 15495 | D:13     | Noticed a centaur warrior
 15498 | D:13     | Killed a centaur warrior
 15498 | D:13     | Reached XP level 14. HP: 102/103 MP: 12/26
 15836 | D:13     | Found a gate to the Vaults.
 15943 | D:13     | Identified the amulet of Unoow {Harm *Drain Str+2 Stlth+}
 16175 | D:13     | Noticed a storm dragon
 16191 | D:13     | Killed a storm dragon
 16255 | D:13     | Reached ****** piety under Kikubaaqudgha
 16256 | D:13     | Received a gift from Kikubaaqudgha
 16582 | Temple   | Fell from the grace of Kikubaaqudgha
 16582 | Temple   | Became a worshipper of Gozag Ym Sagoz the Greedy
 17286 | D:13     | Noticed a sphinx
 17300 | D:13     | Killed a sphinx
 17381 | D:13     | Reached skill level 10 in Fighting
 17381 | D:13     | Reached skill level 10 in Armour
 17381 | D:13     | Reached XP level 15. HP: 117/117 MP: 21/27
 17697 | D:3      | Killed Curus's ghost
 17699 | D:3      | Killed Electrofox's ghost
 17701 | D:3      | Killed PeSeC's ghost
 17879 | Lair:1   | Entered Level 1 of the Lair of Beasts
 18167 | Lair:1   | Noticed Nergalle
 18183 | Lair:1   | Killed Nergalle
 18367 | Lair:1   | Reached XP level 16. HP: 114/123 MP: 20/28
 18987 | Lair:2   | Found a staircase to the Snake Pit.
 19392 | Lair:2   | Found a staircase to the Shoals.
 19679 | Lair:3   | Reached skill level 10 in Spellcasting
 19890 | Lair:3   | Got a spiked leather armour
 19901 | Lair:3   | Identified the cursed +0 leather armour of Waibey {rElec
                  | rF- rC+} (You found it on level 3 of the Lair of Beasts)
 20890 | Lair:4   | Noticed Kirke
 20901 | Lair:4   | Noticed a sphinx
 20919 | Lair:4   | Killed Kirke
 22111 | Lair:6   | Entered Level 6 of the Lair of Beasts
 22222 | Lair:6   | Found a staircase to the Slime Pits.
 23566 | Lair:6   | Reached skill level 9 in Earth Magic
 23749 | Lair:6   | Identified the Handbook of Doomed Contamination
 23849 | Lair:6   | Reached skill level 1 in Shields
 24168 | Orc:2    | Bought a potion of brilliance for 48 gold pieces
 24168 | Orc:2    | Bought a potion of curing for 36 gold pieces
 24168 | Orc:2    | Bought a potion of heal wounds for 60 gold pieces
 24168 | Orc:2    | Bought a potion of agility for 48 gold pieces
 24168 | Orc:2    | Bought a potion of curing for 36 gold pieces
 24168 | Orc:2    | Bought a potion of might for 48 gold pieces
 24168 | Orc:2    | Bought a potion of heal wounds for 60 gold pieces
 24168 | Orc:2    | Bought a potion of cancellation for 96 gold pieces
 24168 | Orc:2    | Bought a potion of brilliance for 48 gold pieces
 24168 | Orc:2    | Bought a potion of brilliance for 48 gold pieces
 24199 | Orc:2    | Bought a scroll of enchant armour for 105 gold pieces
 24318 | D:6      | Bought the +10 triple crossbow of Income {penet, rF+ rN++
                  | MR- Str+3} for 1314 gold pieces
 24448 | D:12     | You paid a toll of the triple crossbow of Income to enter a
                  | treasure trove
 24449 | Trove    | Entered a treasure trove
 24485 | Trove    | Got a slimy leather armour
 24649 | D:12     | Identified the +1 leather armour of Death's Door {rPois rF-
                  | Str+10 Int-5} (You found it in a treasure trove)
 24714 | D:12     | Lost mutation: Your spells are a little easier to cast, but
                  | a little less powerful. [potion of mutation]
 24714 | D:12     | Gained mutation: Your spells are a little harder to cast,
                  | but a little more powerful. [potion of mutation]
 24714 | D:12     | Gained mutation: Your flesh is cold resistant. (rC+)
                  | [potion of mutation]
 24715 | D:12     | Lost mutation: Your flesh is cold resistant. (rC+) [potion
                  | of mutation]
 24715 | D:12     | Lost mutation: Your spells are a little harder to cast, but
                  | a little more powerful. [potion of mutation]
 24715 | D:12     | Gained mutation: You are partially covered in slimy green
                  | scales. (AC +2) [potion of mutation]
 24715 | D:12     | Gained mutation: Your mind is acute. (Int +2) [potion of
                  | mutation]
 24716 | D:12     | Lost mutation: You are partially covered in slimy green
                  | scales. (AC +2) [potion of mutation]
 24716 | D:12     | Lost mutation: Your mind is acute. (Int +2) [potion of
                  | mutation]
 24716 | D:12     | Gained mutation: Scrolls take you a little longer to read.
                  | [potion of mutation]
 24716 | D:12     | Gained mutation: Scrolls take you longer to read. [potion
                  | of mutation]
 24716 | D:12     | Gained mutation: You have sharp toenails. [potion of
                  | mutation]
 24716 | D:12     | Gained mutation: Your muscles are strong. (Str +2) [potion
                  | of mutation]
 24717 | D:12     | Lost mutation: Your muscles are strong. (Str +2) [potion of
                  | mutation]
 24717 | D:12     | Lost mutation: Scrolls take you longer to read. [potion of
                  | mutation]
 24717 | D:12     | Gained mutation: You are partially covered in thin metallic
                  | scales. (AC +2) [potion of mutation]
 24717 | D:12     | Gained mutation: Your spells are a little harder to cast,
                  | but a little more powerful. [potion of mutation]
 24717 | D:12     | Gained mutation: You are agile. (Dex +2) [potion of
                  | mutation]
 24718 | D:12     | Lost mutation: Scrolls take you a little longer to read.
                  | [potion of mutation]
 24718 | D:12     | Lost mutation: You are partially covered in thin metallic
                  | scales. (AC +2) [potion of mutation]
 24718 | D:12     | Lost mutation: Your spells are a little harder to cast, but
                  | a little more powerful. [potion of mutation]
 24718 | D:12     | Gained mutation: Your flesh is heat resistant. (rF+)
                  | [potion of mutation]
 24718 | D:12     | Lost mutation: You are agile. (Dex +2) [potion of mutation]
 24718 | D:12     | Gained mutation: You are covered in fur. (AC +1) [potion of
                  | mutation]
 24719 | D:12     | Lost mutation: You are covered in fur. (AC +1) [potion of
                  | mutation]
 24719 | D:12     | Lost mutation: Your flesh is heat resistant. (rF+) [potion
                  | of mutation]
 24719 | D:12     | Gained mutation: Your mind is acute. (Int +2) [potion of
                  | mutation]
 24719 | D:12     | Gained mutation: Your flesh is cold resistant. (rC+)
                  | [potion of mutation]
 24720 | D:12     | Lost mutation: Your mind is acute. (Int +2) [potion of
                  | mutation]
 24720 | D:12     | Lost mutation: You have sharp toenails. [potion of
                  | mutation]
 24720 | D:12     | Gained mutation: You do not regenerate when monsters are
                  | visible. [potion of mutation]
 24720 | D:12     | Gained mutation: You are partially covered in large bone
                  | plates. (SH +4) [potion of mutation]
 24721 | D:12     | Lost mutation: You are partially covered in large bone
                  | plates. (SH +4) [potion of mutation]
 24721 | D:12     | Lost mutation: You do not regenerate when monsters are
                  | visible. [potion of mutation]
 24721 | D:12     | Gained mutation: You are partially covered in molten
                  | scales. (AC +2) [potion of mutation]
 24721 | D:12     | Gained mutation: You are partially covered in rugged brown
                  | scales. (AC +1, +3% HP) [potion of mutation]
 24721 | D:12     | Gained mutation: You do not regenerate when monsters are
                  | visible. [potion of mutation]
 24721 | D:12     | Gained mutation: You evolve. [potion of mutation]
 25086 | D:14     | Reached XP level 17. HP: 112/128 MP: 26/33
 25114 | D:14     | Was forgiven by Kikubaaqudgha
 25153 | D:14     | Noticed Frances
 25202 | D:14     | Killed Frances
 25389 | D:14     | Noticed Jorgrun
 25448 | D:14     | Noticed Snorg
 25453 | D:14     | Killed Snorg
 25615 | D:14     | Reached skill level 10 in Earth Magic
 25738 | D:15     | Entered Level 15 of the Dungeon
 26599 | D:15     | Found a staircase to the Depths.
 27058 | Snake:1  | Entered Level 1 of the Snake Pit
 27074 | Snake:1  | Reached skill level 5 in Shields
 27075 | Snake:1  | Noticed Nikola
 27090 | Snake:1  | Killed Nikola
 27113 | Snake:1  | Noticed Aizul
 27222 | Shoals:1 | Entered Level 1 of the Shoals
 27222 | Shoals:1 | Found Hibam's Food Emporium.
 27686 | Shoals:1 | Reached skill level 10 in Shields
 28836 | Shoals:2 | Reached XP level 18. HP: 140/140 MP: 29/35
 28840 | Shoals:2 | Found Oteuj's Food Shop.
 30547 | Shoals:4 | Entered Level 4 of the Shoals
 31259 | Shoals:4 | Reached skill level 15 in Shields
 31607 | Shoals:4 | Noticed a kraken
 31742 | Shoals:4 | Killed a kraken
 31742 | Shoals:4 | Reached skill level 5 in Charms
 31742 | Shoals:4 | Reached skill level 11 in Earth Magic
 31773 | Shoals:4 | Got a barnacled rune of Zot
 31940 | Shoals:4 | Noticed a kraken
 31994 | Shoals:4 | Killed a kraken
 32407 | Shoals:1 | Gained mutation: You are covered in fur. (AC +1)
                  | [evolution]
 32861 | Orc:2    | Bought a scroll of enchant weapon for 105 gold pieces
 32861 | Orc:2    | Bought a scroll of enchant weapon for 105 gold pieces
 32861 | Orc:2    | Bought a scroll of brand weapon for 280 gold pieces
 32895 | Orc:2    | Bought a scroll of enchant weapon for 202 gold pieces
 33097 | Orc:2    | Bought a scroll of immolation for 49 gold pieces
 33282 | Snake:1  | Killed Aizul
 33760 | Snake:2  | Noticed Saint Roka
 33779 | Snake:2  | Killed Saint Roka
 33779 | Snake:2  | Reached XP level 19. HP: 77/146 MP: 8/36
 34388 | Snake:2  | Reached skill level 12 in Earth Magic
 35967 | Snake:4  | Entered Level 4 of the Snake Pit
 36006 | Snake:4  | Found a flickering gateway to a bazaar.
 36062 | Bazaar   | Entered a bazaar
 36062 | Bazaar   | Found Qigiar's Book Shoppe.
 36062 | Bazaar   | Found Paistral's Distillery.
 36067 | Bazaar   | Found Gyur's Antique Armour Shoppe.
 36082 | Bazaar   | Found Byijoghu's Antique Weapon Emporium.
 36090 | Bazaar   | Bought the +8 lance "Wyrmbane" {slay drac, rPois rF+ rC+
                  | AC+3} for 1696 gold pieces
 36090 | Bazaar   | Found the +8 lance "Wyrmbane" {slay drac, rPois rF+ rC+
                  | AC+3}
 36108 | Bazaar   | Bought a book of Annihilations for 1435 gold pieces
 36108 | Bazaar   | Bought a book of the Tempests for 910 gold pieces
 36124 | Bazaar   | Bought a potion of curing for 30 gold pieces
 36124 | Bazaar   | Bought a potion of curing for 30 gold pieces
 36124 | Bazaar   | Bought a potion of agility for 40 gold pieces
 36142 | Bazaar   | Bought a pair of runed gloves for 135 gold pieces
 36203 | Snake:4  | Found a snail-covered altar of Cheibriados.
 36723 | Snake:4  | Reached skill level 5 in Polearms
 36729 | Snake:4  | Reached XP level 20. HP: 110/156 MP: 17/37
 36781 | Snake:3  | Reached skill level 13 in Earth Magic
 37144 | Snake:4  | Reached skill level 14 in Earth Magic
 37695 | Snake:4  | Got a serpentine rune of Zot
 38406 | Elf:1    | Entered Level 1 of the Elven Halls
 38540 | Elf:1    | Found Puin's Distillery.
 38548 | Elf:1    | Bought a potion of heal wounds for 55 gold pieces
 38548 | Elf:1    | Bought a potion of heal wounds for 55 gold pieces
 38548 | Elf:1    | Bought 2 potions of resistance for 220 gold pieces
 38548 | Elf:1    | Bought a potion of mutation for 88 gold pieces
 38548 | Elf:1    | Bought 2 potions of agility for 88 gold pieces
 38548 | Elf:1    | Bought a potion of curing for 33 gold pieces
 38548 | Elf:1    | Bought 2 potions of brilliance for 88 gold pieces
 38921 | Elf:1    | Gained mutation: You are resistant to hostile enchantments.
                  | (MR+) [evolution]
 38993 | Elf:1    | Identified Ufunkait's Reference Book on Supportive Combat
                  | Magic
 39099 | Elf:1    | Found Rexoajam's Jewellery Shoppe.
 39099 | Elf:1    | Found Xekhisal's Gadget Shop.
 39100 | Elf:1    | Found Lonuxeru's Gadget Shop.
 39108 | Elf:1    | Bought an uncursed amulet of regeneration for 330 gold
                  | pieces
 39305 | Elf:2    | Reached XP level 21. HP: 163/163 MP: 14/38
 39389 | Elf:2    | Reached skill level 10 in Polearms
 39782 | Elf:2    | Found a huge runed translucent gate.
 39782 | Elf:2    | Found a huge runed translucent gate.
 39782 | Elf:2    | Found a huge runed translucent gate.
 39782 | Elf:2    | Found a huge runed translucent gate.
 39786 | Elf:2    | Found a huge runed translucent gate.
 39927 | Elf:2    | Found Omottuap's Gadget Shop.
 40481 | Elf:3    | Entered Level 3 of the Elven Halls
 40696 | Elf:3    | Identified the +1 leather armour of Death Resistance {-Tele
                  | Regen+ SInv}
 40919 | Elf:3    | Identified the amulet "Geckoner" {Harm *Drain rElec Dex-3
                  | SInv}
 40954 | Elf:3    | Reached skill level 15 in Necromancy
 40957 | Elf:3    | Identified Sif Muna's Grimoire of Contamination and
                  | Confrontation
 41095 | Elf:3    | Identified the +1 leather armour of Zamp {rC++ MR+}
 41234 | Elf:3    | Reached XP level 22. HP: 141/169 MP: 30/39
 41334 | Elf:3    | Identified the cursed +0 hand axe of Amorality {flame, rN+
                  | Dex+4}
 41381 | Elf:3    | Got a distressingly furry chain mail
 41770 | Elf:3    | Identified the cursed +0 chain mail of the Vacuum {Regen+}
                  | (You found it on level 3 of the Elven Halls)
 41778 | Elf:3    | Got an ichor-stained short sword
 41779 | Elf:3    | Identified the +3 short sword of Ulow Uga {elec, Str+3
                  | Int+6} (You found it on level 3 of the Elven Halls)
 42138 | Vaults:1 | Entered Level 1 of the Vaults
 42279 | Vaults:1 | Found Fitemoseczo's Assorted Antiques.
 42416 | Vaults:1 | Bought a scroll of identify for 92 gold pieces
 42416 | Vaults:1 | Bought a pitted scimitar for 414 gold pieces
 42416 | Vaults:1 | Bought a scroll of fog for 92 gold pieces
 42416 | Vaults:1 | Bought a scroll labeled YTIUFAETHRAOH for 46 gold pieces
 42417 | Vaults:1 | Identified the +11 scimitar "Yxoleg" {slice, Str-2 Dex+8}
                  | (You bought it in a shop on level 1 of the Vaults)
 42643 | Vaults:1 | You fall through a shaft!
 42933 | Vaults:2 | Lost mutation: You do not regenerate when monsters are
                  | visible. [evolution]
 43938 | Vaults:2 | Reached XP level 23. HP: 140/176 MP: 30/40
 44152 | Vaults:2 | Learned a level 8 spell: Necromutation
 44194 | Vaults:2 | Reached skill level 1 in Transmutations
 44531 | Vaults:2 | Reached skill level 5 in Transmutations
 45251 | Vaults:3 | You fall through a shaft!
 45284 | Vaults:4 | Reached skill level 10 in Transmutations
 46187 | Vaults:4 | Reached XP level 24. HP: 177/183 MP: 14/40
 46487 | Vaults:4 | Found Geogoluq's Weapon Boutique.
 46712 | Vaults:5 | Entered Level 5 of the Vaults
 46986 | Vaults:5 | Noticed an ancient lich
 47527 | Vaults:3 | Found a staircase to the Crypt.
 47893 | Crypt:1  | Entered Level 1 of the Crypt
 48332 | Crypt:1  | Reached skill level 15 in Transmutations
 49887 | Crypt:3  | Entered Level 3 of the Crypt
 50017 | Crypt:3  | Reached XP level 25. HP: 189/189 MP: 32/40
 50310 | Crypt:3  | Found an ancient bone altar of Kikubaaqudgha.
 50310 | Crypt:3  | Noticed an ancient lich
 50321 | Crypt:3  | Killed an ancient lich
 50362 | Crypt:3  | Found the +8 demon blade "Bloodbane" {slice, *Rage +Rage
                  | Stlth-}
 50777 | Crypt:3  | Identified the Tome of Dark Rites
 50820 | Crypt:3  | Found a staircase to the Tomb.
 51407 | Tomb:1   | Entered Level 1 of the Tomb of the Ancients
 51902 | Tomb:1   | Learned a level 9 spell: Shatter
 52042 | Tomb:1   | Noticed a greater mummy
 52053 | Tomb:1   | Killed a greater mummy
 52053 | Tomb:1   | Reached skill level 15 in Earth Magic
 52294 | Tomb:1   | Noticed a greater mummy
 52556 | Tomb:1   | Killed a greater mummy
 52556 | Tomb:1   | Reached skill level 16 in Earth Magic
 52965 | Tomb:1   | Noticed a greater mummy
 52968 | Tomb:1   | Noticed a greater mummy
 52972 | Tomb:1   | Killed a greater mummy
 52981 | Tomb:1   | Killed a greater mummy
 52981 | Tomb:1   | Reached XP level 26. HP: 129/196 MP: 16/40
 53012 | Tomb:1   | Noticed a greater mummy
 53028 | Tomb:1   | Killed a greater mummy
 53028 | Tomb:1   | Reached skill level 17 in Earth Magic
 53051 | Tomb:1   | Noticed a greater mummy
 53060 | Tomb:1   | Killed a greater mummy
 53097 | Tomb:1   | Noticed a greater mummy
 53115 | Tomb:1   | Killed a greater mummy
 53124 | Tomb:1   | Noticed a greater mummy
 53129 | Tomb:1   | Killed a greater mummy
 53130 | Tomb:1   | Noticed a greater mummy
 53222 | Tomb:1   | Noticed a greater mummy
 53237 | Tomb:1   | Killed a greater mummy
 53237 | Tomb:1   | Reached skill level 18 in Earth Magic
 53242 | Tomb:1   | Killed a greater mummy
 53340 | Tomb:1   | Noticed a greater mummy
 53353 | Tomb:1   | Killed a greater mummy
 53409 | Tomb:1   | Noticed a greater mummy
 53424 | Tomb:1   | Killed a greater mummy
 53483 | Tomb:1   | Noticed a greater mummy
 53491 | Tomb:1   | Killed a greater mummy
 53497 | Tomb:1   | Reached skill level 19 in Earth Magic
 53553 | Tomb:1   | Noticed a greater mummy
 53568 | Tomb:1   | Killed a greater mummy
 53594 | Tomb:1   | Noticed a greater mummy
 53606 | Tomb:1   | Killed a greater mummy
 53619 | Tomb:1   | Noticed a greater mummy
 53637 | Tomb:1   | Killed a greater mummy
 53741 | Tomb:1   | Got a pair of crude gloves
 53752 | Tomb:1   | Identified the +0 pair of gloves of the Teacher {rElec rF+
                  | Dex+4} (You acquired it on level 1 of the Tomb of the
                  | Ancients)
 53817 | Tomb:2   | Got a faintly humming robe
 53898 | Tomb:2   | Noticed Mennas
 53974 | Tomb:1   | Killed Mennas
 53974 | Tomb:1   | Reached skill level 20 in Earth Magic
 54426 | Tomb:2   | Noticed a greater mummy
 54427 | Tomb:2   | Noticed a greater mummy
 54444 | Tomb:2   | Killed a greater mummy
 54458 | Tomb:2   | Killed a greater mummy
 54483 | Tomb:2   | Noticed a greater mummy
 54485 | Tomb:2   | Reached skill level 21 in Earth Magic
 54512 | Tomb:2   | Killed a greater mummy
 54512 | Tomb:2   | Reached XP level 27. HP: 166/202 MP: 20/40
 54558 | Tomb:2   | Noticed a greater mummy
 54574 | Tomb:2   | Killed a greater mummy
 54663 | Tomb:2   | Identified the +4 rapier "Izeurgh" {elec, +Inv rElec rN+
                  | Str-3}
 54818 | Tomb:2   | Reached skill level 22 in Earth Magic
 55479 | D:14     | Killed Jorgrun
 55742 | Vaults:5 | Killed an ancient lich
 55813 | Vaults:5 | Identified the amulet "Suocac" {Faith +Inv Dex-2 Slay+5}
 56003 | Vaults:5 | Reached skill level 23 in Earth Magic
 56162 | Vaults:5 | Identified the +7 scimitar "Gyjubush" {drain, rF+ rC+
                  | Int+3}
 56415 | Vaults:5 | Reached skill level 24 in Earth Magic
 56417 | Vaults:5 | Identified the ring "Xikess" {rPois rF+ rC- rN+ Str+7
                  | Stlth+}
 56521 | Vaults:5 | Identified Tiqef's Disquisition on Damage Dealing and Earth
 56697 | Vaults:5 | Found the +5 pair of quick blades "Gyre" and "Gimble"
                  | {pierce, Dex-3}
 56734 | Vaults:5 | Identified the +2 robe of Qighuo Vifo {Str+4 Dex+3}
 56817 | Vaults:5 | Identified the +1 robe of Okawaru's Hatred {rF+} (You found
                  | it on level 2 of the Tomb of the Ancients)
 57022 | Vaults:5 | Got a crystal short sword
 57054 | Vaults:5 | Identified the +1 short sword "Qaj Xaf" {flame, +Blink rC+
                  | Int-2 Dex+3} (You found it on level 5 of the Vaults)
 57123 | Vaults:5 | Reached skill level 25 in Earth Magic
 57144 | Vaults:5 | Learned a level 3 spell: Ozocubu's Armour
 57154 | Vaults:5 | Learned a level 9 spell: Tornado
 57355 | Vaults:5 | Got a silver rune of Zot
 57464 | Vaults:5 | Found the +8 storm bow {elec}
 57614 | Vaults:5 | Found Gosh's Weapon Shop.
 58310 | Tomb:3   | Entered Level 3 of the Tomb of the Ancients
 58389 | Tomb:3   | Found the +8 longbow "Zephyr" {speed, Dex+3 SInv}
 58400 | Tomb:3   | Identified Sif Muna's Incunabulum of Noxious Boosts
 58444 | Tomb:3   | Noticed a greater mummy
 58449 | Tomb:3   | Noticed a greater mummy
 58458 | Tomb:3   | Killed a greater mummy
 58458 | Tomb:3   | Reached skill level 1 in Ice Magic
 58465 | Tomb:3   | Killed a greater mummy
 58484 | Tomb:3   | Noticed a greater mummy
 58508 | Tomb:3   | Killed a greater mummy
 58523 | Tomb:3   | Reached skill level 5 in Ice Magic
 58591 | Tomb:3   | Noticed a greater mummy
 58609 | Tomb:3   | Killed a greater mummy
 58609 | Tomb:3   | Reached skill level 5 in Air Magic
 58661 | Tomb:3   | Noticed a greater mummy
 58691 | Tomb:3   | Noticed a greater mummy
 58698 | Tomb:3   | Killed a greater mummy
 58714 | Tomb:3   | Killed a greater mummy
 58720 | Tomb:3   | Noticed a greater mummy
 58738 | Tomb:3   | Noticed a greater mummy
 58739 | Tomb:3   | Killed a greater mummy
 58760 | Tomb:3   | Killed a greater mummy
 58782 | Tomb:3   | Noticed a greater mummy
 58801 | Tomb:3   | Killed a greater mummy
 58914 | Tomb:3   | Got a golden rune of Zot
 59227 | Tomb:3   | Got an ancient granite ring
 59478 | Tomb:3   | Got a fine robe
 59489 | Tomb:3   | Identified the cursed +0 robe of Beyond {+Fly rC+ Str+2}
                  | (You found it on level 3 of the Tomb of the Ancients)
 59517 | Tomb:3   | Got a polished eveningstar
 59518 | Tomb:3   | Identified the +8 eveningstar "Heri" {speed, rElec MR-
                  | Str+8 Stlth+} (You found it on level 3 of the Tomb of the
                  | Ancients)
 59521 | Tomb:3   | Got a fine battleaxe
 59523 | Tomb:3   | Identified the cursed +3 battleaxe "Ygapnabuj" {vamp,
                  | Int+5} (You found it on level 3 of the Tomb of the
                  | Ancients)
 59546 | Tomb:3   | Identified the ring "Yca Cutz" {rC+ AC+3} (You found it on
                  | level 3 of the Tomb of the Ancients)
 59584 | Tomb:3   | Got a polished great sword
 59585 | Tomb:3   | Identified the cursed +2 great sword of Ekopp {venom, rF+}
                  | (You found it on level 3 of the Tomb of the Ancients)
 59617 | Tomb:3   | Got a pitted triple crossbow
 59618 | Tomb:3   | Identified the +5 triple crossbow of Hosusaveuq {elec, rN+
                  | Stlth+} (You found it on level 3 of the Tomb of the
                  | Ancients)
 60060 | D:15     | Got a dazzling crystal plate armour
 60072 | D:15     | Identified the +4 crystal plate armour of the Monkey {rC+
                  | Str+2 Int+3 Dex-3} (You acquired it on level 15 of the
                  | Dungeon)
 60097 | Zig:1    | Entered Level 1 of a ziggurat
 60141 | Zig:1    | Learned a level 2 spell: Sublimation of Blood
 60186 | Zig:2    | Entered Level 2 of a ziggurat
 60189 | Zig:2    | Noticed a juggernaut
 60203 | Zig:2    | Killed a juggernaut
 60272 | Zig:3    | Entered Level 3 of a ziggurat
 60353 | Zig:3    | Learned a level 6 spell: Darkness
 60354 | Zig:4    | Entered Level 4 of a ziggurat
 60362 | Zig:4    | Reached skill level 10 in Evocations
 60417 | Zig:5    | Entered Level 5 of a ziggurat
 60430 | Zig:5    | Reached skill level 10 in Air Magic
 60460 | Zig:5    | Got a warped pewter ring
 60492 | Zig:6    | Entered Level 6 of a ziggurat
 60514 | Zig:6    | Got a warped lapis lazuli ring
 60549 | Zig:7    | Entered Level 7 of a ziggurat
 60586 | Zig:7    | Got a wavering steel ring
 60624 | Zig:7    | Got a dazzling chain mail
 60637 | Zig:7    | Identified the +8 chain mail of the Moon {MR+ Regen+ Str+2}
                  | (You found it on level 7 of a ziggurat)
 60648 | Zig:7    | Identified the ring of Liberty {+Fly Str+8 Int-5 Dex-4
                  | Slay+4} (You found it on level 5 of a ziggurat)
 60650 | Zig:7    | Identified the ring "Uhaavy" {MR+ Dex+2} (You found it on
                  | level 6 of a ziggurat)
 60652 | Zig:7    | Identified the ring "Osux Ken" {rPois Str+2} (You found it
                  | on level 7 of a ziggurat)
 60659 | Zig:7    | Got an encrusted scale mail
 60670 | Zig:7    | Identified the +0 scale mail of the Solstice {MR- Dex+5}
                  | (You acquired it on level 7 of a ziggurat)
 60704 | Zig:8    | Entered Level 8 of a ziggurat
 60709 | Zig:8    | Noticed a juggernaut
 60712 | Zig:8    | Noticed a juggernaut
 60713 | Zig:8    | Reached skill level 1 in Throwing
 60719 | Zig:8    | Killed a juggernaut
 60719 | Zig:8    | Killed a juggernaut
 60719 | Zig:8    | Reached skill level 10 in Poison Magic
 60726 | Zig:8    | Reached skill level 5 in Throwing
 60790 | Zig:9    | Entered Level 9 of a ziggurat
 60799 | Zig:9    | Noticed Maref the pandemonium lord
 60811 | Zig:9    | Killed Maref the pandemonium lord
 60841 | Zig:9    | Got a translucent platinum ring
 60869 | Zig:9    | Got a faintly glowing ring mail
 60897 | Zig:10   | Entered Level 10 of a ziggurat
 61147 | Zig:10   | Got a heavily runed tin amulet
 61176 | Zig:11   | Entered Level 11 of a ziggurat
 61188 | Zig:11   | Reached skill level 10 in Throwing
 61253 | Zig:11   | Identified the Disquisition on the Dislocated Birds
 61263 | Zig:11   | Identified the Incunabulum of the Grue
 61320 | Zig:12   | Entered Level 12 of a ziggurat
 61330 | Zig:12   | Reached skill level 15 in Poison Magic
 61438 | Zig:13   | Entered Level 13 of a ziggurat
 61581 | Zig:13   | Identified the +5 ring mail of Negligence {rF- Int+7 Dex+3
                  | Stlth+} (You found it on level 9 of a ziggurat)
 61605 | Zig:14   | Entered Level 14 of a ziggurat
 61689 | Zig:14   | Identified the Almanac of Twisted Earth
 61749 | Zig:15   | Entered Level 15 of a ziggurat
 61759 | Zig:15   | Noticed a juggernaut
 61759 | Zig:15   | Noticed a juggernaut
 61760 | Zig:15   | Noticed a juggernaut
 61766 | Zig:15   | Killed a juggernaut
 61774 | Zig:15   | Killed a juggernaut
 61775 | Zig:15   | Killed a juggernaut
 61869 | Zig:15   | Identified Sif Muna's Disquisition on Freezing Clay
 61877 | Zig:15   | Identified the Handbook of Glacial Protection
 61905 | Zig:15   | Got a brightly glowing chain mail
 61921 | Zig:16   | Entered Level 16 of a ziggurat
 61937 | Zig:16   | Reached skill level 15 in Air Magic
 61938 | Zig:16   | Noticed Esuleef the pandemonium lord
 61954 | Zig:16   | Killed Esuleef the pandemonium lord
 62013 | Zig:16   | Got a bound granite ring
 62050 | Zig:16   | Got a pair of slimy boots
 62078 | Zig:16   | Identified the cursed +0 pair of boots of Gehenna {rElec
                  | MR- Dex+4 Stlth-} (You found it on level 16 of a ziggurat)
 62100 | Zig:16   | Identified the +6 chain mail of Noughts and Crosses {*Drain
                  | Str+2 Int+2 SInv} (You found it on level 15 of a ziggurat)
 62111 | Zig:16   | Identified the ring of Sehahul {*Corrode +Inv MR+++ Str+5
                  | SInv} (You found it on level 9 of a ziggurat)
 62113 | Zig:16   | Identified the ring "Qeres" {MR++ Int+2 SInv} (You found it
                  | on level 16 of a ziggurat)
 62115 | Zig:16   | Identified the amulet of Onegur {RegenMP Str+3} (You found
                  | it on level 10 of a ziggurat)
 62120 | Zig:16   | Got a pair of bloodstained boots
 62131 | Zig:16   | Identified the +0 pair of boots of the Nexus {rPois rN+++
                  | Str-4 Int+4} (You acquired it on level 16 of a ziggurat)
 62158 | Zig:16   | Learned a level 8 spell: Chain Lightning
 62176 | Zig:17   | Entered Level 17 of a ziggurat
 62304 | Zig:17   | Got an ancient bronze amulet
 62309 | Zig:17   | Got a scorched sapphire amulet
 62316 | Zig:17   | Got a pitted plate armour
 62331 | Zig:17   | Identified the cursed +1 plate armour of the Wild Haggis
                  | {+Inv Int+3} (You found it on level 17 of a ziggurat)
 62338 | Zig:17   | Identified the amulet of Jalyony {Inacc Int+3} (You found
                  | it on level 17 of a ziggurat)
 62340 | Zig:17   | Identified the amulet "Daamm" {Spirit rElec Str-2 Slay+6
                  | Stlth+} (You found it on level 17 of a ziggurat)
 62354 | Zig:18   | Entered Level 18 of a ziggurat
 62372 | Zig:18   | Noticed Yjyllib the pandemonium lord
 62411 | Zig:18   | Killed Yjyllib the pandemonium lord
 62459 | Zig:18   | Found the +7 Kryia's mail coat {PotionHeal*2 rC+}
 62486 | Zig:18   | Identified Oguiqaka's Incunabulum of Assistive Air
 62538 | Zig:18   | Got a pair of crude boots
 62554 | Zig:18   | Identified the +2 pair of boots of the Loofah {MR+ Stlth+}
                  | (You found it on level 18 of a ziggurat)
 62566 | Zig:19   | Entered Level 19 of a ziggurat
 62750 | Zig:19   | Got a steaming glass ring
 62761 | Zig:19   | Identified Hulu's Incunabulum of Noxious Clay
 62768 | Zig:19   | Got a flickering glass ring
 62790 | Zig:20   | Entered Level 20 of a ziggurat
 62856 | Zig:20   | Noticed Ejyeq the pandemonium lord
 62884 | Zig:20   | Killed Ejyeq the pandemonium lord
 62908 | Zig:20   | HP: 7/202 [Hell Sentinel/damnation (43)]
 62975 | Zig:20   | Found the +0 mask of the Dragon {MR+ Slay+3 SInv}
 62976 | Zig:20   | Identified the Handbook of Confrontation
 62996 | Zig:20   | Identified the Almanac of Displacement
 63003 | Zig:20   | Identified the Papyrus of Warped Boosts
 63008 | Zig:20   | Identified the Volume of the Voyage
 63050 | Zig:20   | Identified the ring "Loufysodast" {MR+ Dex+3 SInv Stlth-}
                  | (You found it on level 19 of a ziggurat)
 63052 | Zig:20   | Identified the ring of Bodily Harmony {*Tele +Blink rPois
                  | rC+ MR+ MP+9} (You found it on level 19 of a ziggurat)
 63230 | Zig:21   | Entered Level 21 of a ziggurat
 63252 | Zig:21   | Noticed Micebo the pandemonium lord
 63254 | Zig:21   | Noticed Jeizxip the pandemonium lord
 63254 | Zig:21   | Noticed Siuxen the pandemonium lord
 63254 | Zig:21   | Noticed a Killer Klown
 63254 | Zig:21   | Noticed Dietoc the pandemonium lord
 63254 | Zig:21   | Noticed Soshrog the pandemonium lord
 63255 | Zig:21   | Noticed Derol the pandemonium lord
 63280 | Zig:21   | Noticed a Killer Klown
 63281 | Zig:21   | Reached skill level 1 in Hexes
 63281 | Zig:21   | Killed Micebo the pandemonium lord
 63281 | Zig:21   | Killed Jeizxip the pandemonium lord
 63281 | Zig:21   | Reached skill level 5 in Hexes
 63283 | Zig:21   | Noticed a Killer Klown
 63283 | Zig:21   | Killed Siuxen the pandemonium lord
 63283 | Zig:21   | Reached skill level 10 in Ice Magic
 63288 | Zig:21   | Noticed Zimoefiv the pandemonium lord
 63295 | Zig:21   | Killed a Killer Klown
 63306 | Zig:21   | Killed a Killer Klown
 63308 | Zig:21   | Killed a Killer Klown
 63310 | Zig:21   | Killed Zimoefiv the pandemonium lord
 63311 | Zig:21   | Noticed Wobahuw the pandemonium lord
 63311 | Zig:21   | Noticed Maav the pandemonium lord
 63313 | Zig:21   | Noticed Buass the pandemonium lord
 63317 | Zig:21   | Noticed Mawa Qui the pandemonium lord
 63318 | Zig:21   | Noticed a Killer Klown
 63321 | Zig:21   | Noticed Jeasa the pandemonium lord
 63322 | Zig:21   | Killed Soshrog the pandemonium lord
 63322 | Zig:21   | Reached skill level 10 in Hexes
 63324 | Zig:21   | Killed Wobahuw the pandemonium lord
 63326 | Zig:21   | Killed Mawa Qui the pandemonium lord
 63327 | Zig:21   | Killed Buass the pandemonium lord
 63332 | Zig:21   | Noticed Plog the pandemonium lord
 63333 | Zig:21   | Killed Maav the pandemonium lord
 63337 | Zig:21   | Killed Derol the pandemonium lord
 63339 | Zig:21   | Killed a Killer Klown
 63345 | Zig:21   | Killed Jeasa the pandemonium lord
 63354 | Zig:21   | Killed Plog the pandemonium lord
 63354 | Zig:21   | Reached skill level 15 in Hexes
 63361 | Zig:21   | Killed Dietoc the pandemonium lord
 63481 | Zig:21   | Identified the Catalogue of Supportive Hexes
 63504 | Zig:21   | Got a pitted golden ring
 63525 | Zig:21   | Got a faintly humming leather armour
 63538 | Zig:21   | Identified the +2 leather armour of Modesty {*Drain *Slow
                  | rPois rN+++} (You found it on level 21 of a ziggurat)
 63551 | Zig:21   | Identified the ring of Saeke {Fire rElec Str+7 Int-3
                  | Slay-4} (You found it on level 21 of a ziggurat)
 63577 | Zig:22   | Entered Level 22 of a ziggurat
 63629 | Zig:22   | Noticed a Killer Klown
 63629 | Zig:22   | Noticed Taujawi the pandemonium lord
 63629 | Zig:22   | Noticed a Killer Klown
 63629 | Zig:22   | Noticed Otry the pandemonium lord
 63629 | Zig:22   | Noticed Wotorips the pandemonium lord
 63629 | Zig:22   | Noticed Dara the pandemonium lord
 63629 | Zig:22   | Noticed Ekerech the pandemonium lord
 63629 | Zig:22   | Noticed a Killer Klown
 63629 | Zig:22   | Noticed a Killer Klown
 63629 | Zig:22   | Noticed Vyarink the pandemonium lord
 63629 | Zig:22   | Noticed Feraug the pandemonium lord
 63630 | Zig:22   | Noticed a Killer Klown
 63630 | Zig:22   | Noticed Padwutopt the pandemonium lord
 63636 | Zig:22   | Noticed Seramootie the pandemonium lord
 63637 | Zig:22   | Noticed Pak Piemumy the pandemonium lord
 63641 | Zig:22   | Killed a Killer Klown
 63641 | Zig:22   | Killed a Killer Klown
 63641 | Zig:22   | Noticed a shard shrike
 63641 | Zig:22   | a Killer Klown changed into a shard shrike
 63642 | Zig:22   | Killed Ekerech the pandemonium lord
 63642 | Zig:22   | Noticed Goyt the pandemonium lord
 63642 | Zig:22   | Noticed a Killer Klown
 63643 | Zig:22   | Noticed a Killer Klown
 63643 | Zig:22   | Noticed Zitiurghe the pandemonium lord
 63643 | Zig:22   | Noticed Koujius the pandemonium lord
 63644 | Zig:22   | HP: 5/202 [Pak Piemumy the pandemonium lord (33)]
 63645 | Zig:22   | HP: 1/202 [Goyt the pandemonium lord/bolt of acid (31)]
 63645 | Zig:22   | Splashed by Goyt the pandemonium lord's acid

Skill      XL: |  1  2  3  4  5  6  7  8  9 10 11 12 13 14 15 16 17 18 19 20 21 22 23 24 25 26 27 |
---------------+----------------------------------------------------------------------------------+-----
Conjurations   | 1 2 3 4 5 6 8 |  8.7
Polearms       | 2 3 5 9 12 | 12.0
Poison Magic   | 2 5 7 8 16 | 16.3
Fire Magic     | 2 4 |  4.1
Stealth        | 3 6 8 |  8.0
Air Magic      | 1 3 4 20 | 20.8
Necromancy     | 1 3 7 8 9 10 11 12 14 15 18 19 | 19.0
Charms         | 3 4 6 |  6.1
Spellcasting   | 4 5 7 8 12 13 | 13.2
Earth Magic    | 5 7 8 9 10 11 12 14 16 21 25 | 25.0
Dodging        | 3 5 8 9 |  9.0
Fighting       | 4 5 7 10 11 12 | 12.0
Armour         | 4 5 7 10 12 | 12.0
Evocations     | 4 6 7 8 10 | 10.0
Shields        | 2 11 15 | 15.0
Transmutations | 12 16 19 | 19.0
Ice Magic      | 13 | 13.8
Throwing       | 13 | 13.9
Hexes          | 15 | 15.7
Summonings     | |  1.0
Translocations | |  0.8

Action                   |  1- 3 |  4- 6 |  7- 9 | 10-12 | 13-15 | 16-18 | 19-21 | 22-24 | 25-27 || total
-------------------------+-------+-------+-------+-------+-------+-------+-------+-------+-------++-------
Melee: Short sword       |    14 |       |       |       |       |       |       |       |    54 ||    68
       Trident           |       |    46 |   273 |   461 |   356 |  1145 |   205 |       |       ||  2486
       Lance             |       |       |       |       |       |       |   762 |  1577 |  1508 ||  3847
       Staff             |       |       |       |       |       |       |       |       |    18 ||    18
 Cast: Magic Dart        |    75 |    95 |    70 |    47 |     6 |    66 |       |       |       ||   359
       Mephitic Cloud    |     1 |     6 |    21 |    65 |    42 |    67 |    11 |     7 |       ||   220
       Conjure Flame     |       |       |    20 |    34 |    34 |    87 |    11 |    11 |     7 ||   204
       Regeneration      |       |       |     1 |    22 |    29 |    75 |    78 |    35 |    56 ||   296
       Borgnjor's Vile C |       |       |       |    11 |    63 |   215 |   233 |   250 |   333 ||  1105
       Sublimation of Bl |       |       |       |    11 |    45 |    52 |    64 |    52 |    75 ||   299
       Dispel Undead     |       |       |       |       |    17 |     6 |       |    56 |    56 ||   135
       Necromutation     |       |       |       |       |       |       |       |       |    71 ||    71
       Shatter           |       |       |       |       |       |       |       |       |   122 ||   122
       Ozocubu's Armour  |       |       |       |       |       |       |       |       |    18 ||    18
       Tornado           |       |       |       |       |       |       |       |       |     6 ||     6
       Darkness          |       |       |       |       |       |       |       |       |     1 ||     1
Invok: Receive Necronomi |       |       |       |       |     1 |       |       |       |       ||     1
       Potion Petition   |       |       |       |       |       |       |       |       |    43 ||    43
 Abil: Dig               |     1 |     3 |    15 |    24 |    17 |    52 |    25 |     3 |     1 ||   141
       End Transformatio |       |       |       |       |       |       |       |       |    25 ||    25
Evoke: Wand              |       |       |     1 |     2 |       |    11 |       |     1 |    26 ||    41
       Lamp of fire      |       |       |       |       |       |       |       |       |     6 ||     6
       Staff of energy   |       |       |       |       |       |       |       |       |   394 ||   394
       Lightning rod     |       |       |       |       |       |       |       |       |     8 ||     8
       Figurine of a zig |       |       |       |       |       |       |       |       |     1 ||     1
  Use: Scroll            |       |    10 |     1 |    12 |     6 |    26 |     4 |     4 |    40 ||   103
       Potion            |       |     2 |       |       |     6 |    15 |     4 |     1 |    24 ||    52
 Stab: Sleeping          |     1 |       |       |     2 |     3 |    17 |     7 |    13 |     3 ||    46
       Confused          |       |     1 |    10 |    35 |    14 |    29 |     5 |     5 |       ||    99
       Distracted        |       |       |       |     2 |     2 |     6 |    10 |     9 |    10 ||    39
  Eat: Chunk             |     1 |     7 |    22 |    28 |    20 |       |       |       |       ||    78
       Ration            |       |       |       |       |     5 |    25 |    13 |    12 |    15 ||    70
Armor: Robe              |     5 |     7 |    11 |       |       |       |       |       |       ||    23
       Ring mail         |       |       |    36 |    62 |       |       |       |       |       ||    98
       Troll leather arm |       |       |       |    19 |    96 |   312 |   192 |   178 |   535 ||  1332
Dodge: Dodged            |    19 |    27 |    71 |    99 |   179 |   601 |   216 |   224 |   596 ||  2032
Block: Other             |       |       |     6 |    18 |    25 |    94 |       |       |       ||   143
       Reflection        |       |       |       |       |     1 |    51 |   162 |    65 |    46 ||   325
       Large shield      |       |       |       |       |       |   376 |   932 |  1078 |  2062 ||  4448
